 Dungeon Crawl Stone Soup version 0.27-a0-808-g60bc5d92e6 (webtiles) character file.

Game seed: 3720330881647215377

176 polve the Slasher (level 5, -1/41 HPs)
             Began as a Demonspawn Abyssal Knight on Mar 28, 2021.
             Was a Believer of Lugonu.
             Slain by a gnoll
             ... wielding a +0 spear
              (8 damage)
             ... on level 4 of the Dungeon.
             The game lasted 00:03:18 (3637 turns).

polve the Slasher (Demonspawn Abyssal Knight)       Turns: 3637, Time: 00:03:19

Health: -1/41      AC: 16    Str: 13    XL:     5   Next: 30%
Magic:  6/6        EV:  9    Int: 14    God:    Lugonu [**....]
Gold:   53         SH:  0    Dex: 12    Spells: 4/4 levels left

rFire    . . .     SeeInvis .   s - +0 long sword
rCold    . . .     Faith    .   (no shield)
rNeg     + . .     Spirit   .   i - +0 scale mail
rPois    .         Reflect  .   (no helmet)
rElec    .         Harm     .   (no cloak)
rCorr    .         Rampage  .   (no gloves)
Will     .....                  (no boots)
Stlth    ..........             (no amulet)
HPRegen  0.13/turn              e - ring of positive energy
MPRegen  0.10/turn              k - +4 ring of protection

@: sanguine armoured
A: talons 1, powered by pain 1, sanguine armour 1
a: Renounce Religion, Depart the Abyss, Bend Space


You were on level 4 of the Dungeon.
You worshipped Lugonu.
Lugonu was pleased with you.
You visited 1 branch of the dungeon, and saw 4 of its levels.
You visited the Abyss 1 time.

You collected 53 gold pieces.

Inventory:

Hand Weapons
 s - a +0 long sword (weapon)
Armour
 b - a +0 leather armour
 i - a +0 scale mail (worn)
 o - a +0 helmet
Jewellery
 d - a ring of protection from cold
 e - a ring of positive energy (left hand)
 k - a +4 ring of protection (right hand)
Wands
 m - a wand of random effects (13)
Scrolls
 c - a scroll of teleportation {unknown}
 f - 6 scrolls of identify {unknown}
 n - a scroll of enchant armour {unknown}
 p - a scroll of fear {unknown}
 q - a scroll of enchant weapon {unknown}
 r - a scroll of fog {unknown}
Potions
 g - a potion of ambrosia {unknown}
 h - a potion of invisibility {unknown}
 j - a potion of attraction {unknown}
 l - a potion of curing {unknown}


   Skills:
 - Level 3.0 Fighting
 + Level 5.1 Long Blades
 - Level 1.7 Armour
 - Level 0.8 Dodging
 - Level 2.4 Invocations


You had 4 spell levels left.
You didn't know any spells.
Your spell library contained the following spells:

 Spells                   Type           Power      Damage    Failure   Level
 Beastly Appendage        Tmut           0%         N/A       80%         1
 Wereblood                Tmut           0%         N/A       90%         2
 Spider Form              Tmut/Pois      0%         N/A       99%         3
 Ice Form                 Ice/Tmut       0%         N/A       100%        4
 Blade Hands              Tmut           0%         N/A       100%        5


Dungeon Overview and Level Annotations

Branches:
Dungeon (4/15)
 Temple: D:4-7

Altars:
Okawaru
Trog


Innate Abilities, Weirdness & Mutations

You have sharp toenails.
You sometimes gain a little power by taking damage.
When seriously injured, your bleeding wounds create armour. (AC +6)


Message History

You are too injured to fight recklessly!
You are too injured to fight recklessly!
You are too injured to fight recklessly!
You are too injured to fight recklessly!
You are too injured to fight recklessly!
There are monsters nearby!
There are monsters nearby!
You barely miss the quokka. You claw the quokka.
The quokka is severely wounded.
The gnoll barely misses you. The quokka barely misses you.
The gnoll hits you but does no damage.
A gnoll comes into view. It is wielding a +0 flail.
The gnoll hits you but does no damage.
The quokka bites you but does no damage.
You hit the quokka but do no damage. You claw the quokka.
The quokka is almost dead.
The gnoll hits you but does no damage. The quokka closely misses you.
The gnoll barely misses you.
You hit the quokka.
You kill the quokka!
Lugonu accepts your kill.
The gnoll hits you from afar with a +0 spear.
The gnoll barely misses you.
A hobgoblin comes into view.
The gnoll hits you but does no damage.
A gnoll comes into view. It is wielding a +0 flail.
The gnoll shouts!
The gnoll hits you but does no damage. x2
You closely miss the gnoll. You claw the gnoll, but do no damage.
The gnoll hits you from afar with a +0 spear.
The gnoll hits you with a +0 spear.
You barely miss the gnoll. You claw the gnoll, but do no damage.
The gnoll hits you from afar with a +0 spear.
The gnoll barely misses you. x2
You barely miss the gnoll. You claw the gnoll.
The gnoll is lightly wounded.
The gnoll hits you with a +0 spear.
* * * LOW HITPOINT WARNING * * *
The gnoll hits you from afar with a +0 spear!
You die...

###.###.#..# #.
...........##.#
#...............(#
#.# #..# ####.## #..#
# #.....# #.g#
#.###.....# #).#
..........#######.†##
............@gg....#
###.....#####g###.#
####..###....# ...
#.......g.##.# .###
#.##..###.##.. .#
#.##..... ... ..
#.##.##### ####
#.##.# #.##.#


You could see 3 gnolls.

Vanquished Creatures
  A hound (D:4)
  7 gnolls (D:3)
  2 adders
  An orc (D:3)
  4 ball pythons
  3 endoplasms
  2 giant cockroaches
  8 goblins
  7 hobgoblins
  5 quokkas
  8 bats
  4 frilled lizards
  3 kobolds
  6 rats
61 creatures vanquished.

Notes
Turn   | Place    | Note
-------+----------+-------------------------------------------
     0 | Abyss:1  | polve the Demonspawn Abyssal Knight began the quest for the
                  | Orb.
     0 | Abyss:1  | Reached XP level 1. HP: 18/18 MP: 2/2
   121 | Abyss:2  | Found a corrupted altar of Lugonu.
   162 | Abyss:2  | Noticed a frost giant zombie
   177 | Abyss:2  | Noticed a worldbinder
   181 | Abyss:2  | Noticed a chaos spawn
   182 | D:1      | Escaped the Abyss
   362 | D:1      | Reached skill level 2 in Long Blades
   632 | D:1      | Gained mutation: You have sharp toenails. [demonic
                  | ancestry]
   632 | D:1      | Reached XP level 2. HP: 20/24 MP: 3/3
   633 | D:1      | Reached * piety under Lugonu
  1170 | D:1      | Reached skill level 3 in Long Blades
  1320 | D:1      | Gained mutation: When seriously injured, your bleeding
                  | wounds create armour. (AC +6) [demonic ancestry]
  1320 | D:1      | Reached XP level 3. HP: 23/29 MP: 4/4
  2273 | D:2      | Found a bloodstained altar of Trog.
  2319 | D:2      | Found an iron altar of Okawaru.
  2417 | D:3      | Reached ** piety under Lugonu
  2646 | D:3      | Reached skill level 4 in Long Blades
  2646 | D:3      | Reached XP level 4. HP: 35/35 MP: 5/5
  3088 | D:3      | Gained mutation: You sometimes gain a little power by
                  | taking damage. [demonic ancestry]
  3088 | D:3      | Reached XP level 5. HP: 18/41 MP: 6/6
  3581 | D:4      | Reached skill level 5 in Long Blades
  3637 | D:4      | Slain by a gnoll

Illustrated notes

Levels and vault maps discovered:
D:1:      minmay_arrival_plants_in_alcoves, layout_loops_corners
D:2:      layout_loops_corners, grunt_temple_overflow_open
D:3:      layout_loops_ring, skrybe_limestone_x
D:4:      layout_loops_ring, grunt_temple_overflow_order_and_chaos_2,
          serial_shops, shop

Skill      XL: |  1  2  3  4  5 |
---------------+----------------+-----
Long Blades    | 2 3 4 5 |  5.1
Fighting       | |  3.0
Armour         | |  1.7
Dodging        | |  0.8
Invocations    | |  2.4

Action                   |  1- 3 |  4- 6 || total
-------------------------+-------+-------++-------
Melee: Falchion          |   102 |    43 ||   145
       Kick              |    17 |    18 ||    35
       Long sword        |       |    14 ||    14
Invok: Depart the Abyss  |     1 |       ||     1
  Use: Potion            |     1 |       ||     1
Armor: Leather armour    |    41 |       ||    41
       Scale mail        |     9 |    29 ||    38
Dodge: Dodged            |    68 |    36 ||   104
       Rpst.: Falchion   |    27 |    10 ||    37
       Long sword        |       |     1 ||     1

Table legend: (Time is in decaauts)
 A = Elapsed time spent in this place.
 B = Non-inter-level travel time spent in this place.
 C = Inter-level travel time spent in this place.
 D = Time resting spent in this place.
 E = Time spent auto-exploring this place.
 F = Levels seen in this place.
 G = Mean time per level.
                   A        B        C        D        E       F      G
               +--------+--------+--------+--------+--------+-----+--------+
         Total |   3654 |   3630 |     24 |      0 |   3110 |   6 |  609.0 |
       Dungeon |   3472 |   3448 |     24 |      0 |   2953 |   4 |  868.0 |
         Abyss |    181 |    181 |      0 |      0 |    157 |   2 |   90.5 |
               +--------+--------+--------+--------+--------+-----+--------+

Top non-repeatable levels by time:
     D:1: 1437 daAuts
     D:3: 1139 daAuts
     D:2: 782 daAuts
     D:4: 113 daAuts
 Abyss:2: 95 daAuts
 Abyss:1: 86 daAuts
